 Dungeon Crawl Stone Soup version 0.30-a0-1053-gbd8d5ba0ad (webtiles) character file.

Game seed: 15088019682846485326

314 retardedninja the Trooper (level 6, -2/57 HPs)
             Began as a Naga Fighter on Apr 11, 2023.
             Slain by a gnoll
             ... wielding a +0 spear
             ... led by a gnoll bouda
              (7 damage)
             ... on level 4 of the Dungeon.
             The game lasted 00:02:41 (2438 turns).

retardedninja the Trooper (Naga Fighter)            Turns: 2438, Time: 00:02:41

Health: -2/57      AC:  5    Str: 20    XL:     6   Next: 43%
Magic:  6/6        EV:  7    Int:  9    God:
Gold:   126        SH:  4    Dex: 10    Spells: 5/5 levels left

rFire   . . .      SeeInvis +    a - +0 war axe
rCold   . . .      Faith    .    c - +0 buckler
rNeg    . . .      Spirit   .    b - +0 scale mail
rPois   +          Reflect  .    (no helmet)
rElec   .          Rampage  .    (no cloak)
rCorr   .                        (no gloves)
Will    .....                    (no barding) Stlth
                                 (no amulet)
HPRegen 0.29/turn                (no ring)
MPRegen 0.10/turn                (no ring)

@: mighty, very slow
A: AC +2, large, see invisible, deformed body, poison resistance, slowness 2,
spit poison 1, naga tail 1
a: Spit Poison


You were on level 4 of the Dungeon.
You visited 1 branch of the dungeon, and saw 4 of its levels.

You collected 126 gold pieces.

Inventory:

Hand Weapons
 a - a +0 war axe (weapon)
Armour
 b - a +0 scale mail (worn)
 c - a +0 buckler (worn)
Wands
 p - a wand of polymorph (7)
 q - a wand of iceblast (19)
Scrolls
 f - a scroll of torment {unknown}
 g - a scroll of immolation {unknown}
 j - 3 scrolls of fear {unknown}
 n - a scroll of poison {unknown}
 o - a scroll of magic mapping {unknown}
 r - a scroll of teleportation {unknown}
 s - a scroll of identify
Potions
 d - 2 potions of might
 h - a potion of brilliance
 i - a potion of heal wounds {unknown}
 k - a potion of flight
 l - a potion of mutation {unknown}
 m - a potion of attraction {unknown}


   Skills:
 + Level 4.3 Fighting
 + Level 3.7 Axes
 + Level 3.5 Armour
 + Level 3.9 Shields


You had 5 spell levels left.
You didn't know any spells.
Your spell library contained the following spells:

 Spells                   Type           Power      Damage    Failure   Level
 Summon Lightning Spire   Summ/Air       0%         N/A       100%        4
 Storm Form               Tmut/Air       0%         N/A       100%        7
 Maxwell's Capacitive Co  Air            0%         ∞         100%        8


Dungeon Overview and Level Annotations

Branches:
Dungeon (4/15)
 Temple: D:4-7

Altars:
Vehumet


Innate Abilities, Weirdness & Mutations

Your serpentine skin is tough. (AC +2)
You have supernaturally acute eyesight. (SInv)
Armour fits poorly on your strangely shaped body.
Your system is resistant to poisons. (rPois)
You cover ground very slowly.
You can spit poison.
You have a snake-like lower body.


Message History

You kill the gnoll bouda!
The gnoll barely misses you.
The gnoll hits you from afar with a +0 spear.
You feel better.
The gnoll hits you from afar with a +0 spear.
Unknown command.
The gnoll hits you but does no damage.
Things that are here:
a +0 club; a +0 robe; a gnoll corpse Unknown command.
You barely miss the gnoll.
The gnoll is moderately wounded.
Your attacks no longer feel as feeble.
The gnoll barely misses you.
Unknown command.
You slice the gnoll!!
You kill the gnoll!
The gnoll hits you with a +0 flail.
Unknown command.
You slash the gnoll!
You kill the gnoll!
The gnoll hits you from afar with a +0 spear.
You block the gnoll's attack.
Unknown command.
You block the gnoll's attack. The gnoll hits you with a +0 spear.
Items here: )) ††.
Unknown command.
You barely miss the gnoll.
The gnoll hits you from afar with a +0 halberd!
* * * LOW HITPOINT WARNING * * *
The gnoll hits you with a +0 spear.
* * * LOW HITPOINT WARNING * * *
Unknown command.
You hit the gnoll.
The gnoll is moderately wounded.
The gnoll is no longer moving quickly. x2; You block the gnoll's attack.
The gnoll hits you with a +0 spear.
* * * LOW HITPOINT WARNING * * *
The gnoll hits you with a +0 spear!
You die...

####...... #.#
#......... #.#
#.......## #.#
#####.#####.#
#g# #.....#
#.# #g#
#.###.# #.#
#g# #.# #.#
#.# #g# #.#
#.#####.# #@#
#.# #.......#
#)# #.#
#...#..## #.#
#.######.#.###
#.#
#.............
#.#
########.#.###
#.# #.#.###
#.# #....>.
#.# ###.###
#.# ###.# #


You could see 3 gnolls and a hobgoblin.

Vanquished Creatures
  Pargi (D:4)
  A scorpion (D:4)
  A gnoll bouda (D:4)
  A sleepcap (D:4)
  2 adders
  2 gnolls (D:4)
  A dart slug (D:4)
  5 orcs (D:4)
  6 endoplasms
  2 giant cockroaches
  3 goblins
  A hobgoblin (D:1)
  2 jackals (D:3)
  2 quokkas (D:1)
  3 ball pythons (D:1)
  7 bats
  13 frilled lizards
  7 kobolds
  6 rats
66 creatures vanquished.

Vanquished Creatures (others)
  8 plants (D:1)
  4 toadstools (D:1)
12 creatures vanquished.

Grand Total: 78 creatures vanquished

Notes
Turn   | Place    | Note
-------+----------+-------------------------------------------
     0 | D:1      | retardedninja the Naga Fighter began the quest for the Orb.
     0 | D:1      | Reached XP level 1. HP: 21/21 MP: 1/1
   109 | D:1      | Reached XP level 2. HP: 28/28 MP: 2/2
   427 | D:1      | Found a faded altar of an unknown god.
   436 | D:1      | Reached XP level 3. HP: 31/34 MP: 3/3
   852 | D:2      | Found a radiant altar of Vehumet.
  1569 | D:3      | Reached XP level 4. HP: 42/42 MP: 4/4
  1962 | D:4      | Noticed Pargi
  1980 | D:4      | Killed Pargi
  1981 | D:4      | Reached XP level 5. HP: 12/50 MP: 5/5
  2219 | D:4      | Reached skill level 4 in Fighting
  2219 | D:4      | Reached XP level 6. HP: 47/57 MP: 6/6
  2438 | D:4      | Slain by a gnoll

Illustrated notes

Levels and vault maps discovered:
D:1:      ldierk_walled_garden_2, layout_loops_cross,
          hellmonk_ecumenical_altar_crossroads, columned_hall_lemuel,
          minmay_lizard_king
D:2:      layout_basic, basic_altar, minmay_statues_item
D:3:      layout_basic
D:4:      layout_loops_ring, mainiacjoe_overflow_chevrons,
          mainiacjoe_overflow_concentric_impassable, uniq_pargi

Skill      XL: |  1  2  3  4  5 |
---------------+----------------+-----
Shields        | 3 |  3.9
Axes           | 3 |  3.7
Armour         | 3 |  3.5
Fighting       | 4 |  4.3

Action                     |  1- 3 |  4- 6 || total
---------------------------+-------+-------++-------
  Melee: War axe           |   151 |    81 ||   232
    Use: Scroll            |     2 |     1 ||     3
         Potion            |       |     3 ||     3
 Armour: Scale mail        |    93 |    41 ||   134
  Dodge: Dodged            |    71 |    45 ||   116
  Block: Buckler           |    43 |    26 ||    69

Table legend: (Time is in decaauts)
 A = Elapsed time spent in this place.
 B = Non-inter-level travel time spent in this place.
 C = Inter-level travel time spent in this place.
 D = Time resting spent in this place.
 E = Time spent auto-exploring this place.
 F = Levels seen in this place.
 G = Mean time per level.
                   A        B        C        D        E       F      G
               +--------+--------+--------+--------+--------+-----+--------+
         Total |   3187 |   3082 |    105 |    237 |   2290 |   4 |  796.8 |
       Dungeon |   3187 |   3082 |    105 |    237 |   2290 |   4 |  796.8 |
               +--------+--------+--------+--------+--------+-----+--------+

Top non-repeatable levels by time:
     D:1: 1054 daAuts
     D:2: 842 daAuts
     D:4: 666 daAuts
     D:3: 624 daAuts
